 Dungeon Crawl Stone Soup version 0.20.1-1-g8b1a95d (webtiles) character file.

136180 Gargoyl the Severer (level 16, 0/161 HPs)
             Began as a Minotaur Abyssal Knight on Oct 11, 2017.
             Was the Champion of Lugonu.
             Shot with a bolt by a naga sharpshooter (13 damage)
             ... led by Vashnia
             ... on level 2 of the Snake Pit on Oct 12, 2017.
             The game lasted 01:08:32 (27323 turns).

Gargoyl the Severer (Minotaur Abyssal Knight)      Turns: 27323, Time: 01:08:33

Health: 0/161      AC: 32    Str: 23    XL:     16   Next: 66%
Magic:  33/33      EV: 16    Int:  9    God:    Lugonu [******]
Gold:   321        SH:  7    Dex: 19    Spells: 15/15 levels left

rFire    + + .     SeeInvis .   d - +7 broad axe (vamp)
rCold    . . .     Gourm    .   T - +0 buckler
rNeg     . . .     Faith    .   v - +4 plate armour "Jacih" {MP+9 Dex+3}
rPois    +         Spirit   .   l - +2 hat
rElec    .         Reflect  .   O - +2 cloak {+Inv}
rCorr    .         Harm     .   j - +2 pair of gloves {Str+3}
MR       +....                  D - +0 pair of boots
Stlth    ..........             y - amulet of regeneration
Regen    0.8/turn               G - +3 ring of evasion
MPRegen  0.3/turn               r - ring of protection from fire

@: lethally poisoned (0 -> 0)
A: retaliatory headbutt, claws 1, fangs 1, horns 2, fire resistance 1, poison
resistance, robust 1, strong 1
a: Depart the Abyss, Bend Space, Banish, Corrupt, Enter the Abyss, Brand Weapon
With Distortion, Renounce Religion, Evoke Invisibility


You were on level 2 of the Snake Pit.
You worshipped Lugonu.
Lugonu was exalted by your worship.
You were not hungry.

You visited 5 branches of the dungeon, and saw 26 of its levels.
You visited the Abyss 2 times.
You also visited: Ossuary.

You collected 2707 gold pieces.
You spent 2386 gold pieces at shops.

Inventory:

Hand Weapons
 d - a +7 vampiric broad axe (weapon)
 t - a +1 antimagic war axe
 M - a +4 broad axe of chopping
Missiles
 u - 2 javelins (quivered)
Armour
 j - a +2 pair of gloves of strength (worn)
 l - a +2 hat (worn)
 v - the +4 plate armour "Jacih" (worn) {MP+9 Dex+3}
   (You bought it in a shop on level 2 of the Orcish Mines)

   It affects your dexterity (+3).
   It affects your magic capacity (+9).
 D - a +0 pair of boots (worn)
 O - a +2 cloak of invisibility (worn)
 T - a +0 buckler (worn)
Jewellery
 r - a ring of protection from fire (right hand)
 y - an amulet of regeneration (around neck)
 G - a +3 ring of evasion (left hand)
Wands
 a - a wand of digging (9/24)
 e - a wand of lightning (11/15)
 f - a wand of lightning (12/15)
 h - a wand of scattershot (4/9)
 i - a wand of confusion (35/48)
 n - a wand of scattershot (5/9)
 x - a wand of flame (20/48)
 C - a wand of lightning (6/15)
 E - a wand of lightning (7/15)
 H - a wand of lightning (0/15)
 I - a wand of scattershot (2/9)
 N - a wand of flame (26/48)
Scrolls
 g - 8 scrolls of teleportation
 s - a scroll of magic mapping
 z - 2 scrolls of fear
 B - 6 scrolls of recharging
 K - a scroll of blinking
 Q - 5 scrolls of remove curse
 Z - 3 scrolls of identify
Potions
 m - 4 potions of ambrosia
 o - 4 potions of brilliance
 p - 3 potions of cancellation
 q - 3 potions of flight
 A - 7 potions of curing
 F - a potion of invisibility
 P - a potion of heal wounds
 R - 3 potions of mutation
 X - a potion of agility
Books
 w - a book of Transfigurations

   Spells                             Type                      Level
   a - Irradiate                      Conjuration/Transmutation    5
   b - Statue Form                    Transmutation/Earth          6
   c - Hydra Form                     Transmutation                6
   d - Dragon Form                    Transmutation                7
Comestibles
 b - 24 fruits
 c - 16 bread rations
 k - 6 meat rations
 J - 12 royal jellies


   Skills:
 + Level 14.6 Fighting
 + Level 19.5 Axes
 + Level 0.4 Throwing
 * Level 16.1 Armour
 + Level 9.3 Dodging
 + Level 8.2 Shields
 * Level 13.3 Invocations


You had 15 spell levels left.
You didn't know any spells.

Dungeon Overview and Level Annotations

Branches:
Dungeon (15/15)            Temple (0/1) D:5            Lair (6/6) D:11
 Shoals (0/4) Lair:2        Snake (2/4) Lair:3        Slime (0/5) Lair:5
    Orc (2/2) D:10            Elf (1/3) Orc:2        Vaults (0/5) D:13
 Depths (0/5) D:15

Altars:
Ashenzari
Dithmenos
Gozag
Nemelex Xobeh
Okawaru
Ru
Sif Muna
Yredelemnul
The Shining One
Beogh
Jiyva

Shops:
D:15 =}??   Orc:2 *:[:

Annotations:
D:9 1 exclusion
Snake:2 Vashnia


Innate Abilities, Weirdness & Mutations

You reflexively headbutt those who attack you in melee.
You have a pair of horns on your head.
You have sharp fingernails.
You have very sharp teeth.
Your flesh is heat resistant. (rF+)
Your system is resistant to poisons. (rPois)
You are robust. (+10% HP)
Your muscles are strong. (Str +2)


Message History

* * * LOW HITPOINT WARNING * * *
You see here a bolt.
Your plate armour "Jacih" prevents you from hitting Vashnia.
Vashnia is severely wounded.
You feel sick.
The naga sharpshooter gestures wildly while chanting.
The naga sharpshooter magically shoots a bolt.
The bolt hits you!
* * * LOW HITPOINT WARNING * * *
Your plate armour "Jacih" prevents you from hitting Vashnia.
You headbutt Vashnia.
Vashnia is severely wounded.
You feel sick.
Vashnia shoots a bolt.
The bolt hits you!
* * * LOW HITPOINT WARNING * * *
The bolt freezes you.
* * * LOW HITPOINT WARNING * * *
The naga sharpshooter mumbles some strange words.
The naga sharpshooter magically shoots a bolt.
The bolt hits you!
You die...

.... #...## #....#
#....#######
####....#.....# ###
###..###..#.....##
#...#.....N##.#(.....#
....##....NNN@(.........
....#(..(NN#.#.?.....#.
........(.##.##......#
###...#.(((.#...#......#
##.######(####...##.....#
##...#..#(..#......
?....#
#....#.............
......
#....#.(#..##......# ...#
.....#(.#..# ./...


You could see Vashnia and 5 naga sharpshooters.

Vanquished Creatures
  Rupert (D:11)
  A deep elf sorcerer (Elf:1)
  An orc warlord (Orc:2)
  5 dire elephants (Lair:6)
  A fire dragon (D:15)
  A yaktaur captain (D:13)
  The ghost of westwoodlt the Slinger, a journeyman HaHu of Gozag (Lair:4)
  An ice dragon (D:15)
  A naga warrior (Snake:1)
  A catoblepas (Lair:4)
  7 centaur warriors
  2 anacondas
  A death yak (Lair:6)
  10 two-headed ogres
  An ogre mage (D:15)
  2 naga sharpshooters (Snake:1)
  6 orc high priests
  2 deep elf knights (Elf:1)
  An unseen horror (D:13)
  A naga ritualist (Snake:1)
  A deep elf archer (Elf:1)
  6 orc knights
  Pikel (D:8)
  The ghost of DasRunzen the Skirmisher, a novice DrFi of Okawaru (D:7)
  3 mana vipers (Snake:1)
  A salamander (Snake:1)
  6 ugly things
  An oklob plant (Lair:6)
  5 cyclopes
  22 deep elf magi
  3 wolf spider zombies
  A cyclops (shapeshifter) (D:15)
  8 orc sorcerers
  3 manticores
  Psyche (D:8)
  11 black mambas
  19 elephants
  A guardian serpent (Snake:2)
  4 naga magi (Snake:1)
  3 gargoyles
  A centaur zombie (D:12)
  11 komodo dragons
  14 spiny frogs
  10 rime drakes
  2 yaktaurs (D:13)
  2 efreet (D:15)
  2 queen bees (Lair:3)
  8 trolls
  3 meliai (Lair:4)
  2 hornets
  2 polar bears (Lair:6)
  Grinder (D:3)
  A meliai zombie (D:14)
  8 hippogriffs
  41 blink frogs
  12 slime creatures
  A snapping turtle (Lair:2)
  Prince Ribbit (D:9)
  Sigmund (D:3)
  A spriggan (D:7)
  4 wyverns
  A shadow (D:15)
  4 wraiths
  32 yaks
  A vampire (D:14)
  6 basilisks
  3 steam dragons
  12 nagas
  5 wargs
  4 acid dragons
  38 water moccasins
  13 porcupines
  A floating eye (D:15)
  42 orc warriors
  2 slaves (D:8)
  6 sky beasts
  A black bear (D:8)
  6 necrophages
  3 phantoms
  4 ice beasts
  9 wolves
  26 ogres
  21 centaurs
  2 big kobolds
  20 crocodiles
  An elf zombie (Ossuary)
  28 bullfrogs
  An elf skeleton (D:8)
  A wyvern zombie (D:13)
  A water moccasin zombie (D:8)
  10 scorpions
  10 wights
  67 killer bees
  3 electric eels
  A howler monkey (D:7)
  9 crimson imps
  3 bullfrog zombies
  A quasit (D:11)
  2 hounds
  43 orc priests
  2 human zombies (D:8)
  5 jellies
  A bullfrog skeleton (D:10)
  6 centaur skeletons
  4 worker ants
  Natasha (thrice) (D:3)
  24 orc wizards
  8 iguanas
  2 big kobold zombies (Ossuary)
  2 hound zombies
  A worker ant zombie (D:11)
  A howler monkey zombie (D:7)
  2 mummies (Ossuary)
  Robin (D:3)
  2 gnolls (D:5)
  11 adders
  A river rat (Lair:3)
  8 shadow imps
  A white imp (Abyss:2)
  An ooze (D:1)
  An adder zombie (D:7)
  An adder skeleton (D:8)
  2 worms (D:2)
  A dart slug (D:1)
  2 leopard geckos
  136 orcs
  A ball python (D:1)
  5 bats
  6 giant cockroaches
  9 goblins
  10 hobgoblins
  15 jackals
  27 kobolds
  5 quokkas
  4 frilled lizards
  6 gnoll zombies (Ossuary)
  A goblin zombie (Ossuary)
  3 hobgoblin zombies (Ossuary)
  An orc skeleton (D:8)
  3 orc zombies
  2 quokka skeletons
  8 rats
  4 fungi
  4 plants
1062 creatures vanquished.

Vanquished Creatures (others)
  2 hydras
  A deep elf mage (Elf:1)
  2 oklob plants (Lair:3)
  A water moccasin (Lair:1)
  A slave (D:10)
  A wight (D:8)
  An electric eel (D:10)
  2 orc wizards (D:10)
  A human zombie (D:8)
  A mummy (D:8)
  2 orcs
  A goblin (D:5)
  10 fungi
  8 plants
  7 starspawn tentacles (Abyss:4)
41 creatures vanquished.

Grand Total: 1103 creatures vanquished

Notes
Turn   | Place    | Note
-------+----------+-------------------------------------------
     0 | Abyss:1  | Gargoyl the Minotaur Abyssal Knight began the quest for the Orb.
     0 | Abyss:1  | Reached XP level 1. HP: 19/19 MP: 1/1
    50 | Abyss:1  | Noticed a lich
    53 | Abyss:1  | Noticed a quasit
    72 | Abyss:2  | Noticed a small abomination
   130 | Abyss:3  | Found a corrupted altar of Lugonu.
   139 | Abyss:4  | Noticed a tentacled starspawn
   153 | Abyss:4  | Noticed a large abomination
   176 | Abyss:4  | Gained mutation: You are partially covered in large bone plates. (SH +4) [potion of mutation]
   176 | Abyss:4  | Gained mutation: Your natural rate of healing is unusually fast. [potion of mutation]
   177 | D:1      | Escaped the Abyss
   184 | D:1      | Reached XP level 2. HP: 22/27 MP: 0/2
   234 | D:1      | Reached * piety under Lugonu
   700 | D:1      | Reached XP level 3. HP: 33/33 MP: 3/3
  1112 | D:2      | Reached skill level 3 in Axes
  1301 | D:2      | Reached XP level 4. HP: 41/41 MP: 4/4
  1336 | D:2      | Reached ** piety under Lugonu
  1496 | D:3      | Noticed Natasha
  1496 | D:3      | Noticed Robin
  1503 | D:3      | Killed Natasha
  1508 | D:3      | Killed Robin
  1508 | D:3      | Reached skill level 4 in Axes
  1520 | D:3      | Reached XP level 5. HP: 46/47 MP: 6/6
  1554 | D:3      | Noticed Sigmund
  1563 | D:3      | Noticed Natasha
  1579 | D:3      | Killed Sigmund
  1579 | D:3      | Reached skill level 5 in Axes
  1579 | D:3      | Reached XP level 6. HP: 27/55 MP: 7/7
  1582 | D:3      | Killed Natasha
  1582 | D:3      | Reached skill level 5 in Fighting
  1671 | D:3      | Found an opulent altar of Gozag.
  1672 | D:3      | Noticed Natasha
  1676 | D:3      | Killed Natasha
  1826 | D:3      | Found a sacrificial altar of Ru.
  1887 | D:3      | Noticed Grinder
  1910 | D:3      | Killed Grinder
  1910 | D:3      | Reached skill level 6 in Axes
  1910 | D:3      | Reached XP level 7. HP: 57/61 MP: 8/8
  2918 | D:4      | Found a deep blue altar of Sif Muna.
  3029 | D:5      | Entered Level 5 of the Dungeon
  3060 | D:5      | Reached skill level 7 in Axes
  3070 | D:5      | Reached *** piety under Lugonu
  3072 | D:5      | Found a staircase to the Ecumenical Temple.
  3091 | D:5      | Reached skill level 5 in Armour
  3270 | D:5      | Reached XP level 8. HP: 69/69 MP: 8/10
  3290 | D:5      | Found a sand-covered staircase.
  3300 | Ossuary  | Entered an ossuary
  3843 | D:5      | Found a deep blue altar of Sif Muna.
  3882 | D:5      | Reached skill level 8 in Axes
  3906 | D:5      | Found an iron altar of Okawaru.
  4307 | D:6      | Gained mutation: You can translocate small distances at will. [mutagenic meat]
  4308 | D:6      | Gained mutation: You are partially covered in icy blue scales. (AC +2) [mutagenic meat]
  4309 | D:6      | Gained mutation: You have large cloven feet. [mutagenic meat]
  4311 | D:6      | Gained mutation: You are clumsy. (Dex -2) [mutagenic meat]
  4395 | D:6      | Found a sacrificial altar of Ru.
  4882 | D:6      | Reached skill level 5 in Invocations
  5149 | D:7      | Reached **** piety under Lugonu
  5153 | D:7      | Reached skill level 9 in Axes
  5163 | D:7      | Reached XP level 9. HP: 64/75 MP: 11/11
  5310 | D:7      | Noticed DasRunzen's ghost (novice DrFi)
  5332 | D:7      | Killed DasRunzen's ghost
  5489 | D:7      | Found a glowing golden altar of the Shining One.
  5877 | D:7      | Reached skill level 10 in Axes
  6293 | D:8      | Reached XP level 10. HP: 86/86 MP: 13/13
  6462 | D:8      | Noticed a two-headed ogre
  6480 | D:8      | Killed a two-headed ogre
  6480 | D:8      | Reached skill level 11 in Axes
  6480 | D:8      | Reached skill level 5 in Dodging
  6554 | D:8      | Noticed Pikel
  6591 | D:8      | Killed Pikel
  6716 | D:8      | Found a shadowy altar of Dithmenos.
  7007 | D:8      | Found a basalt altar of Yredelemnul.
  7113 | D:8      | Noticed Psyche
  7121 | D:8      | Killed Psyche
  7121 | D:8      | Reached ***** piety under Lugonu
  7127 | Abyss:1  | Noticed a shambling mangrove
  7129 | D:8      | Escaped the Abyss
  7469 | D:9      | Reached skill level 12 in Axes
  7485 | D:9      | Noticed Prince Ribbit
  7590 | D:9      | Killed Prince Ribbit
  7848 | D:9      | Found a sparkling altar of Nemelex Xobeh.
  8370 | D:10     | Entered Level 10 of the Dungeon
  8531 | D:10     | Reached XP level 11. HP: 92/94 MP: 15/15
  8898 | D:10     | Reached skill level 10 in Armour
  9015 | D:10     | Found a staircase to the Orcish Mines.
  9713 | D:11     | Identified a scroll of acquirement
  9811 | D:12     | You fall through a shaft for 2 floors!
  9966 | D:14     | Reached skill level 13 in Axes
 10228 | D:13     | Noticed a two-headed ogre
 10235 | D:13     | Killed a two-headed ogre
 10246 | D:13     | Noticed a yaktaur captain
 10262 | D:13     | Killed a yaktaur captain
 10263 | D:13     | Found a gate to the Vaults.
 10500 | D:12     | Noticed Rupert
 10594 | D:12     | Paralysed by Rupert for 7 turns
 10677 | D:11     | Killed Rupert
 10677 | D:11     | Reached skill level 14 in Axes
 10677 | D:11     | Reached XP level 12. HP: 103/105 MP: 17/17
 10996 | D:11     | Gained mutation: Armour fits poorly on your strangely shaped body. [mutagenic meat]
 10998 | D:11     | Lost mutation: You have large cloven feet. [mutagenic meat]
 10999 | D:11     | Lost mutation: Armour fits poorly on your strangely shaped body. [potion of mutation]
 10999 | D:11     | Lost mutation: You are clumsy. (Dex -2) [potion of mutation]
 10999 | D:11     | Lost mutation: You can translocate small distances at will. [potion of mutation]
 10999 | D:11     | Lost mutation: You are partially covered in icy blue scales. (AC +2) [potion of mutation]
 10999 | D:11     | Gained mutation: You are weak. (Str -2) [potion of mutation]
 10999 | D:11     | Gained mutation: You have sharp toenails. [potion of mutation]
 11026 | D:11     | Found a staircase to the Lair.
 11323 | Lair:1   | Entered Level 1 of the Lair of Beasts
 11348 | Lair:1   | Noticed a five-headed hydra
 11531 | Lair:1   | Reached skill level 10 in Fighting
 11550 | Lair:1   | Banished a five-headed hydra
 12093 | Lair:2   | Reached skill level 10 in Invocations
 12095 | Lair:2   | Reached skill level 15 in Axes
 12419 | Lair:2   | Got a glittering silver amulet
 12420 | Lair:2   | Identified the amulet of the Eleven Orbs {Harm *Drain Str+2 Int+4 SInv} (You found it on level 2 of the Lair of Beasts)
 12476 | Lair:2   | Found a staircase to the Shoals.
 12727 | Lair:3   | Reached XP level 13. HP: 101/114 MP: 19/19
 12936 | Lair:3   | Found a staircase to the Snake Pit.
 13519 | Lair:3   | Reached skill level 16 in Axes
 14015 | Lair:3   | Reached ****** piety under Lugonu
 14263 | Lair:3   | Got a jewelled cloak
 14274 | Lair:3   | Identified the +1 cloak of Uskayaw's Whim {+Blink +Inv MR+ Dex-4} (You acquired it on level 3 of the Lair of Beasts)
 14451 | Lair:4   | Noticed westwoodlt's ghost (journeyman HaHu)
 14480 | Lair:4   | Killed westwoodlt's ghost
 16013 | Lair:5   | Reached skill level 17 in Axes
 16287 | Lair:5   | Found a viscous altar of Jiyva.
 16287 | Lair:5   | Found a staircase to the Slime Pits.
 16358 | Lair:5   | Reached skill level 1 in Shields
 16360 | Lair:5   | Reached XP level 14. HP: 120/123 MP: 21/21
 17243 | Lair:6   | Entered Level 6 of the Lair of Beasts
 17599 | Lair:6   | Found a shattered altar of Ashenzari.
 18711 | Lair:6   | Reached skill level 18 in Axes
 19317 | Orc:1    | Entered Level 1 of the Orcish Mines
 19396 | Orc:1    | Paralysed by an orc sorcerer for 7 turns
 19594 | Orc:1    | Paralysed by an orc sorcerer for 3 turns
 19601 | Orc:2    | Entered Level 2 of the Orcish Mines
 19839 | Orc:1    | Found a roughly hewn altar of Beogh.
 20011 | Orc:1    | Reached XP level 15. HP: 134/134 MP: 22/22
 20358 | Orc:2    | Found a roughly hewn altar of Beogh.
 20542 | Orc:2    | Found Hiokkuv's Armour Boutique.
 20584 | Orc:2    | Bought a +1 pair of gloves of strength for 280 gold pieces
 20601 | Orc:2    | Found Gycuggus's Book Shop.
 20617 | Orc:2    | Reached skill level 5 in Shields
 21263 | Orc:2    | Found Akikket's General Store.
 21357 | Orc:2    | Noticed an orc warlord
 21361 | Orc:2    | Found a roughly hewn altar of Beogh.
 21383 | Orc:2    | Killed an orc warlord
 21450 | Orc:2    | Found Utamaoj's Book Boutique.
 21726 | Orc:2    | Found a staircase to the Elven Halls.
 21782 | Orc:2    | Paralysed by an orc sorcerer for 7 turns
 21795 | Orc:2    | Paralysed by an orc sorcerer for 7 turns
 22162 | Orc:2    | Bought a +5 vampiric broad axe for 468 gold pieces
 22223 | Orc:2    | Bought the +4 plate armour "Jacih" {MP+9 Dex+3} for 1278 gold pieces
 22392 | D:12     | Gained mutation: You are occasionally teleported next to monsters. [mutagenic meat]
 22393 | D:12     | Gained mutation: You are frail. (-10% HP) [mutagenic meat]
 22394 | D:12     | Gained mutation: Your spells are a little harder to cast, but a little more powerful. [mutagenic meat]
 22395 | D:12     | Gained mutation: Your mind is acute. (Int +2) [mutagenic meat]
 22415 | D:12     | Lost mutation: You are frail. (-10% HP) [potion of mutation]
 22415 | D:12     | Lost mutation: You have sharp toenails. [potion of mutation]
 22415 | D:12     | Lost mutation: You are weak. (Str -2) [potion of mutation]
 22415 | D:12     | Lost mutation: Your spells are a little harder to cast, but a little more powerful. [potion of mutation]
 22415 | D:12     | Gained mutation: You evolve. [potion of mutation]
 22415 | D:12     | Gained mutation: You are partially covered in icy blue scales. (AC +2) [potion of mutation]
 22416 | D:12     | Lost mutation: You evolve. [potion of mutation]
 22416 | D:12     | Lost mutation: Your natural rate of healing is unusually fast. [potion of mutation]
 22416 | D:12     | Lost mutation: Your mind is acute. (Int +2) [potion of mutation]
 22416 | D:12     | Gained mutation: You are dopey. (Int -2) [potion of mutation]
 22416 | D:12     | Gained mutation: You possess an exceptional clarity of mind. [potion of mutation]
 22417 | D:12     | Lost mutation: You possess an exceptional clarity of mind. [potion of mutation]
 22417 | D:12     | Lost mutation: You are dopey. (Int -2) [potion of mutation]
 22417 | D:12     | Lost mutation: You are occasionally teleported next to monsters. [potion of mutation]
 22417 | D:12     | Lost mutation: You are partially covered in icy blue scales. (AC +2) [potion of mutation]
 22417 | D:12     | Lost mutation: You are partially covered in large bone plates. (SH +4) [potion of mutation]
 22417 | D:12     | Gained mutation: Armour fits poorly on your strangely shaped body. [potion of mutation]
 22417 | D:12     | Gained mutation: Your muscles are strong. (Str +2) [potion of mutation]
 22417 | D:12     | Gained mutation: Your system is resistant to poisons. (rPois) [potion of mutation]
 22418 | D:12     | Lost mutation: Armour fits poorly on your strangely shaped body. [potion of mutation]
 22418 | D:12     | Gained mutation: You have an increased reservoir of magic. (+10% MP) [potion of mutation]
 22418 | D:12     | Gained mutation: You are clumsy. (Dex -2) [potion of mutation]
 22418 | D:12     | Gained mutation: You have sharp fingernails. [potion of mutation]
 22418 | D:12     | Lost mutation: You are clumsy. (Dex -2) [potion of mutation]
 24279 | D:14     | Reached skill level 15 in Armour
 24498 | D:15     | Entered Level 15 of the Dungeon
 24509 | D:15     | Found Xuekaf's Jewellery Boutique.
 24539 | D:15     | Gained mutation: You have large cloven feet. [mutagenic meat]
 24540 | D:15     | Gained mutation: You have very sharp teeth. [mutagenic meat]
 24710 | D:15     | Gained mutation: You are robust. (+10% HP) [mutagenic meat]
 24711 | D:15     | Lost mutation: You have an increased reservoir of magic. (+10% MP) [mutagenic meat]
 24713 | D:15     | Lost mutation: You have large cloven feet. [mutagenic meat]
 24715 | D:15     | Gained mutation: Your flesh is heat resistant. (rF+) [mutagenic meat]
 24762 | D:15     | Found Opsi's Magic Scroll Boutique.
 24765 | D:15     | Found Uzoar Xaxt's Gadget Boutique.
 24768 | D:15     | Bought a scroll of enchant weapon for 150 gold pieces
 24982 | D:15     | Reached XP level 16. HP: 151/159 MP: 24/24
 24986 | D:15     | Reached skill level 19 in Axes
 25199 | D:15     | Found Docusa's Magic Scroll Emporium.
 25207 | D:15     | Bought a scroll of enchant weapon for 105 gold pieces
 25207 | D:15     | Bought a scroll of blinking for 105 gold pieces
 25286 | D:15     | Found a staircase to the Depths.
 25622 | Elf:1    | Entered Level 1 of the Elven Halls
 26372 | Snake:1  | Entered Level 1 of the Snake Pit
 26800 | Snake:1  | Got a scorched rapier
 26849 | Snake:1  | Identified the cursed +0 rapier of the Desert {drain, rElec rF++} (You found it on level 1 of the Snake Pit)
 27293 | Snake:2  | Noticed Vashnia
 27323 | Snake:2  | Shot with a bolt by a naga sharpshooter

Skill      XL: |  1  2  3  4  5  6  7  8  9 10 11 12 13 14 15 16 |
---------------+-------------------------------------------------+-----
Fighting       | 4 5 6 7 8 9 10 11 12 13 14 | 14.6
Invocations    | 2 3 4 5 6 7 8 10 11 12 13 | 13.3
Axes           | 3 4 5 6 7 9 10 12 14 15 17 18 19 | 19.5
Armour         | 3 4 5 7 8 9 11 12 13 14 15 16 | 16.1
Dodging        | 2 3 4 5 6 7 8 9 |  9.3
Shields        | 1 4 6 8 |  8.2
Throwing       | |  0.4

Action                   |  1- 3 |  4- 6 |  7- 9 | 10-12 | 13-15 | 16-18 || total
-------------------------+-------+-------+-------+-------+-------+-------++-------
Melee: Hand axe          |    86 |    87 |   437 |   133 |       |       ||   743
       Headbutt          |     6 |    16 |    77 |   130 |   322 |    94 ||   645
       Kick              |       |       |    66 |   214 |   410 |       ||   690
       War axe           |       |       |       |   158 |       |       ||   158
       Broad axe         |       |       |       |   495 |  1557 |   314 ||  2366
       Bite              |       |       |       |       |    15 |    60 ||    75
Throw: Javelin           |       |       |       |     4 |       |       ||     4
Invok: Depart the Abyss  |     1 |       |       |     1 |       |       ||     2
       Enter the Abyss   |       |       |       |     1 |       |       ||     1
       Banish            |       |       |       |     7 |     3 |       ||    10
Evoke: Wand              |     4 |       |     1 |       |     1 |       ||     6
  Use: Scroll            |     4 |     6 |    18 |    12 |    11 |     5 ||    56
       Potion            |     1 |     2 |       |     3 |    10 |       ||    16
  Eat: Chunk             |     1 |     2 |    12 |    23 |    50 |     6 ||    94
       Bread ration      |       |       |     1 |     1 |     1 |       ||     3
       Royal jelly       |       |       |     1 |       |     3 |     1 ||     5
Armor: Scale mail        |    42 |    43 |   190 |   324 |   550 |       ||  1149
       Plate armour      |       |       |       |       |   138 |   173 ||   311
Dodge: Dodged            |    37 |    66 |   185 |   579 |  1144 |   166 ||  2177
Block: Other             |    16 |    22 |    76 |   125 |   102 |       ||   341
       Buckler           |       |       |       |       |   428 |    97 ||   525
